 Dungeon Crawl Stone Soup version 0.19-a0-1170-g18f0c96 (webtiles) character file.

1327 inmateoo the Chiller (level 8, -8/46 HPs)
             Began as an Octopode Ice Elementalist on Aug 16, 2016.
             Mangled by an orc warrior
             ... wielding a +0 hand axe
              (17 damage)
             ... on level 5 of the Dungeon.
             The game lasted 00:13:27 (6329 turns).

inmateoo the Chiller (Octopode Ice Elementalist)    Turns: 6329, Time: 00:13:27

Health: -8/46      AC:  3    Str:  8    XL:     8   Next: 60%
Magic:  3/14       EV: 15    Int: 19    God:
Gold:   181        SH:  0    Dex: 12    Spells: 4 memorised, 6 levels left

rFire  . . .     SeeInvis .     z - +1 dagger (venom)
rCold  . . .     Gourm    +     (no shield)
rNeg   . . .     Faith    .     (helmet restricted)
rPois  .         Spirit   .     u - amulet of the gourmand
rElec  .         Dismiss  .     o - ring of wizardry
rCorr  .         Reflect  .     (no ring)
MR     .....     Harm     .     (no ring)
Stlth  +++++..... Rnd*Rage +    (no ring)
                                (no ring)
                                (no ring)
                                (no ring)
                                (no ring)

@: no status effects
A: almost no armour, amphibious, 8 rings, constrict 8, thin metallic scales 1,
camouflage 1, berserk 1, gelatinous body 1, evolution 1
a: no special abilities


You were on level 5 of the Dungeon.
You were full.

You visited 1 branch of the dungeon, and saw 5 of its levels.

You collected 181 gold pieces.

Inventory:

Hand Weapons
 g - a +1 dagger of venom
 z - a +1 dagger of venom (weapon)
Jewellery
 o - a ring of wizardry (left tentacle)
 t - an uncursed ring of positive energy {unknown}
 u - an amulet of the gourmand (around mantle)
Wands
 x - a wand of slowing (38/48)
Scrolls
 c - 2 scrolls of enchant weapon {unknown}
 d - 3 scrolls of identify
 f - a scroll of blinking {unknown}
 i - 2 scrolls of amnesia {unknown}
 j - 3 scrolls of teleportation {unknown}
 m - 2 scrolls of remove curse {unknown}
 n - a scroll of enchant armour {unknown}
 y - a scroll of torment {unknown}
Potions
 e - a potion of lignification
 k - 2 potions of mutation
 l - a potion of degeneration {unknown}
 p - a potion of cancellation
 r - a potion of agility {unknown}
 s - a potion of curing {unknown}
 v - a potion of heal wounds {unknown}
 w - a potion of resistance
Books
 a - a book of Frost

   Spells                             Type                      Level
   a - Freeze                         Ice                          1
   b - Throw Frost                    Conjuration/Ice              2
   c - Ozocubu's Armour               Charms/Ice                   3
   d - Throw Icicle                   Conjuration/Ice              4
   e - Summon Ice Beast               Ice/Summoning                4
Comestibles
 b - 3 bread rations
 q - a meat ration


   Skills:
 + Level 4.8 Dodging
 + Level 6.9 Stealth
 + Level 4.5 Spellcasting
 - Level 1.0 Conjurations
 * Level 7.2 Ice Magic


You had 6 spell levels left.
You knew the following spells:

 Your Spells              Type           Power        Failure   Level  Hunger
a - Freeze                Ice            ####         1%          1    None
b - Throw Frost           Conj/Ice       ###...       1%          2    #......
c - Ozocubu's Armour      Chrm/Ice       ###.....     4%          3    ###....
d - Throw Icicle          Conj/Ice       ###.....     12%         4    ####...


Dungeon Overview and Level Annotations

Branches:
Dungeon (5/15)
 Temple: D:4-7

Altars:
Cheibriados


Innate Abilities, Weirdness & Mutations

You cannot wear most types of armour.
You are amphibious.
You can wear up to eight rings at the same time.
You can use your tentacles to constrict eight enemies at once.
Your skin changes colour to match your surroundings (Stealth+).
Your rubbery body absorbs attacks. (AC +1, EV +1)
You are partially covered in thin metallic scales. (AC +2)
You tend to lose your temper in combat.
You evolve.


Message History

Your roots penetrate the ground.
The orc warrior hits you but does no damage.
The orc wizard gestures wildly while chanting.
The orc wizard blinks!
Unknown command.
Okay, then.
Evoke which item? (* to show all) (? for menu, Esc to quit)
Okay, then.
Okay, then.
It was a potion of cancellation.
Your magical effects are unravelling.
You feel magically purged.
The orc warrior hits you but does no damage.
Casting: Throw Icicle
Confirm with . or Enter, or press ? or * to list all spells.
Okay, then.
It was a potion of flight.
Your roots keep you in place.
You feel less woody.
The orc warrior hits you with a hand axe!
You die...

..# ..#.# ..# [..... ..#
...#.#
..################.o....
...................>#.##
########...#####o......#
#...# #o#####.# #...#
#o# #...# #@# ####...#
###.# #...#### #...#
#...######.###
#.......##.#
#.......##.#
##......##.#
######......##.#
.....'......'..#


You could see an orc warrior, an orc wizard and an orc.

Vanquished Creatures
  An ice beast (D:5)
  Duvessa (D:5)
  A necrophage (D:4)
  3 ogres
  A centaur (D:5)
  A scorpion (D:4)
  Dowan (D:5)
  2 crimson imps (D:5)
  A centaur zombie (D:4)
  A jelly (D:5)
  3 orc wizards
  An orc priest (D:5)
  4 hounds
  An iguana (D:4)
  3 worker ants (D:4)
  7 adders
  A howler monkey skeleton (D:4)
  An ooze (D:1)
  2 dart slugs (D:1)
  2 giant geckos
  6 orcs
  6 bats
  7 giant cockroaches
  9 hobgoblins
  6 jackals
  14 kobolds
  2 quokkas
  2 ball pythons
  3 giant newts
  4 goblins
  6 rats
103 creatures vanquished.

Vanquished Creatures (others)
  An orc (D:5)
1 creature vanquished.

Grand Total: 104 creatures vanquished

Notes
Turn   | Place    | Note
-------+----------+-------------------------------------------
     0 | D:1      | inmateoo the Octopode Ice Elementalist began the quest for the Orb.
     0 | D:1      | Reached XP level 1. HP: 11/11 MP: 3/3
   376 | D:1      | Reached XP level 2. HP: 15/17 MP: 1/5
   840 | D:1      | Reached XP level 3. HP: 10/21 MP: 1/6
  1326 | D:1      | Learned a level 2 spell: Throw Frost
  1330 | D:1      | Learned a level 3 spell: Ozocubu's Armour
  2275 | D:2      | Reached XP level 4. HP: 27/27 MP: 8/8
  2888 | D:3      | Reached skill level 4 in Ice Magic
  3526 | D:4      | Noticed an ogre
  3534 | D:4      | Reached XP level 5. HP: 24/31 MP: 0/9
  3546 | D:4      | Killed an ogre
  3708 | D:4      | Noticed a necrophage
  3720 | D:4      | Killed a necrophage
  3720 | D:4      | Reached XP level 6. HP: 31/36 MP: 6/10
  3722 | D:4      | Reached skill level 5 in Ice Magic
  3913 | D:4      | Reached skill level 5 in Stealth
  4074 | D:4      | Learned a level 4 spell: Throw Icicle
  4084 | D:4      | Reached XP level 7. HP: 41/41 MP: 5/12
  4389 | D:4      | Found a snail-covered altar of Cheibriados.
  4631 | D:5      | Entered Level 5 of the Dungeon
  4693 | D:5      | Reached skill level 6 in Ice Magic
  5144 | D:5      | Noticed Dowan
  5147 | D:5      | Noticed Duvessa
  5152 | D:5      | Killed Dowan
  5161 | D:5      | Killed Duvessa
  5161 | D:5      | Reached XP level 8. HP: 39/46 MP: 1/14
  5472 | D:5      | Reached skill level 7 in Ice Magic
  6326 | D:5      | Gained mutation: You evolve. [potion of mutation]
  6326 | D:5      | Gained mutation: You are partially covered in thin metallic scales. (AC +2) [potion of mutation]
  6326 | D:5      | Gained mutation: You tend to lose your temper in combat. [potion of mutation]
  6329 | D:5      | Mangled by an orc warrior

Vault maps used:
D:1:      onia_arrival_handbag
D:2:      lexackson_kobold_supper
D:4:      minmay_opposing_rooms, overflow_temple_1_default, first_bread
D:5:      serial_glass, glass_columns_b, glass_columns_a,
          minmay_misc_feat_square, uniq_duvessa

Skill      XL: |  1  2  3  4  5  6  7  8 |
---------------+-------------------------+-----
Stealth        | 3 4 5 6 |  6.9
Ice Magic      | 4 5 6 7 |  7.2
Dodging        | 3 4 |  4.8
Spellcasting   | 3 4 |  4.5
Conjurations   | |  1.0

Action                   |  1- 3 |  4- 6 |  7- 9 || total
-------------------------+-------+-------+-------++-------
Melee: Unarmed           |     4 |       |       ||     4
       Tentacles         |    10 |    13 |    16 ||    39
       Club              |    17 |       |       ||    17
       Constrict         |    14 |    13 |    19 ||    46
       Dagger            |    36 |    54 |    91 ||   181
 Cast: Freeze            |    24 |    18 |     8 ||    50
       Ozocubu's Armour  |       |     2 |     4 ||     6
       Throw Frost       |       |     1 |     1 ||     2
       Throw Icicle      |       |       |    11 ||    11
  Use: Potion            |       |       |     4 ||     4
       Scroll            |       |       |     1 ||     1
 Stab: Sleeping          |     6 |    11 |     3 ||    20
  Eat: Chunk             |     4 |     6 |    22 ||    32
Armor: Skin              |     5 |     6 |    10 ||    21
Dodge: Dodged            |    46 |    42 |    74 ||   162
